 Dungeon Crawl Stone Soup version 0.27.1-3-gb3d3a73c9e (webtiles) character file.

Game seed: 8062216584649798575

606 Atelerd the Stinger (level 7, -4/41 HPs)
             Began as an Octopode Venom Mage on Oct 10, 2021.
             Slain by a water moccasin (6 damage)
             ... on level 5 of the Dungeon.
             The game lasted 00:07:22 (7575 turns).

Atelerd the Stinger (Octopode Venom Mage)           Turns: 7575, Time: 00:07:23

Health: -4/41      AC:  1    Str:  8    XL:     7   Next: 42%
Magic:  5/11       EV: 14    Int: 19    God:
Gold:   276        SH:  0    Dex: 12    Spells: 1/12 levels left

rFire    . . .     SeeInvis .   b - +1 short sword (venom)
rCold    . . .     Faith    .   (no shield)
rNeg     . . .     Spirit   .   (helmet restricted)
rPois    .         Reflect  .   (no amulet)
rElec    .         Harm     .   (no ring)
rCorr    .         Rampage  .   (no ring)
Will     .....                  (no ring)
Stlth    ++++......             (no ring)
HPRegen  0.13/turn              (no ring)
MPRegen  0.12/turn              (no ring)
                                (no ring)
                                (no ring)

@: hasted, very quick
A: almost no armour, amphibious, 8 rings, camouflage 1, gelatinous body 1,
(nimble swimmer 1), tentacles
a: no special abilities


You were on level 5 of the Dungeon.
You visited 1 branch of the dungeon, and saw 6 of its levels.

You collected 276 gold pieces.

Inventory:

Hand Weapons
 a - a +0 short sword
 b - a +1 short sword of venom (weapon)
 e - a +1 dagger of draining
Wands
 r - a wand of charming (6)
 t - a wand of flame (9)
Scrolls
 c - 2 scrolls of blinking {unknown}
 d - a scroll of immolation {unknown}
 f - 2 scrolls of teleportation {unknown}
 g - 3 scrolls of identify {unknown}
 h - a scroll of summoning {unknown}
 i - a scroll of fear {unknown}
 j - a scroll of silence {unknown}
 k - a scroll of magic mapping {unknown}
 m - a scroll of enchant weapon {unknown}
 n - a scroll of brand weapon {unknown}
 p - a scroll of vulnerability {unknown}
 v - a scroll of enchant armour {unknown}
Potions
 l - 2 potions of attraction {unknown}
 o - a potion of ambrosia {unknown}
 q - a potion of mutation {unknown}
 s - a potion of haste
 u - a potion of brilliance {unknown}


   Skills:
 + Level 3.5 Dodging
 - Level 5.0 Stealth
 + Level 3.2 Spellcasting
 + Level 2.4 Conjurations
 + Level 3.1 Transmutations
 + Level 2.3 Air Magic
 + Level 5.1 Poison Magic


You had one spell level left.
You knew the following spells:

 Your Spells              Type           Power      Damage    Failure   Level
a - Sting                 Tmut/Pois      72%        1d6       2%          1
b - Mephitic Cloud        Conj/Pois/Air  15%        N/A       12%         3
c - Blink                 Tloc           N/A        N/A       22%         2
d - Foxfire               Conj/Fire      28%        2x1d5     9%          1
e - Olgreb's Toxic Radia  Pois           22%        N/A       19%         4

Your spell library contained the following spells:

 Spells                   Type           Power      Damage    Failure   Level
 Magic Dart               Conj           48%        1d5       5%          1
 Poisonous Vapours        Pois/Air       34%        N/A       4%          2
 Searing Ray              Conj           24%        3d4       9%          2
 Call Imp                 Summ           3%         N/A       22%         2
 Conjure Flame            Conj/Fire      7%         6-21      26%         3
 Inner Flame              Hex/Fire       3%         N/A       41%         3
 Lesser Beckoning         Tloc           1%         N/A       41%         3
 Fulminant Prism          Conj/Hex       3%         3d6       65%         4
 Manifold Assault         Tloc           3%         N/A       99%         5


Dungeon Overview and Level Annotations

Branches:
Dungeon (6/15)             Temple (0/1) D:4

Altars:
Elyvilon
Hepliaklqana
Vehumet

Annotations:
D:1 exclusion: downstairs
D:4 exclusion: downstairs


Innate Abilities, Weirdness & Mutations

You cannot wear most types of armour.
You are amphibious.
You can wear up to eight rings at the same time.
Your skin changes colour to match your surroundings (Stealth+).
Your rubbery body absorbs attacks. (AC +1, EV +1)
((You are camouflaged near water. (Stealth+)))
You have tentacles for arms and can constrict up to eight enemies at once.


Message History

The centaur hits you. The centaur barely misses you.
Unknown command.
There are monsters nearby!
You hit the centaur but do no damage.
The centaur looks even sicker.
The centaur is almost dead.
The centaur hits you. The centaur closely misses you.
Unknown command.
The sting misses the centaur.
The centaur closely misses you. The centaur kicks you.
The centaur barely misses you. The centaur kicks you.
Unknown command.
You are too injured to fight recklessly!
You are too injured to fight recklessly!
There are monsters nearby!
Unknown command.
Unknown command.
Casting: Sting (safe; 2% risk of failure)
Confirm with . or Enter, or press ? or * to list all spells.
Aiming: Mephitic Cloud (dangerous; 12% risk of failure)
Press: ? - help, Shift-Dir - straight line, f/p - centaur
Aim: a centaur, quivering arrows (almost dead, very poisoned, chance to affect: 81%)
Okay, then.
Unknown command.
Casting: Mephitic Cloud (dangerous; 12% risk of failure)
Confirm with . or Enter, or press ? or * to list all spells.
You conjure some foxfire!
The centaur misses you. The centaur kicks you.
Unknown command.
The foxfire hits the centaur but does no damage.
The centaur is almost dead.
The foxfire hits the centaur but does no damage.
The centaur is almost dead.
The centaur wields a +0 shortbow.
The centaur shoots an arrow.
The arrow barely misses you.
The centaur shoots an arrow.
The arrow hits you!
* * * LOW HITPOINT WARNING * * *
Unknown command.
The centaur shoots an arrow.
The arrow barely misses you.
Unknown command.
It was a potion of haste.
You feel yourself speed up.
You kill the centaur!
The water moccasin bites you.
You die...

.. .[..##### ........# #. #$#
####$ #.##.# #...#.## #.....
#..#.# ###..#).##..#... .....#
##...............
.#...##........S........
.#.............#@.......
...............#.........
.....#.................... .#
..........................# .##
.#.#...........#........... ...
##.#...[...............(..####.#
##(#...........#...........Z<..#
#..##.....######...............#
#.####.......###..#......#..l..#


You could see a water moccasin.

Vanquished Creatures
  Menkaure (D:6)
  An ogre (D:4)
  A centaur (D:5)
  A scorpion (D:6)
  A water moccasin zombie (D:5)
  A howler monkey (D:6)
  A jelly (D:6)
  An orc priest (D:4)
  An iguana (D:4)
  An orc wizard (D:4)
  3 gnolls
  4 adders
  A shadow imp (D:6)
  An ufetubus (D:2)
  3 dart slugs
  6 orcs
  4 endoplasms
  4 giant cockroaches
  5 goblins
  10 hobgoblins
  2 quokkas
  7 ball pythons
  5 bats
  10 kobolds
  4 rats
79 creatures vanquished.

Vanquished Creatures (others)
  13 foxfires (D:5)
13 creatures vanquished.

Grand Total: 92 creatures vanquished

Notes
Turn   | Place    | Note
-------+----------+-------------------------------------------
     0 | D:1      | Atelerd the Octopode Venom Mage began the quest for the
                  | Orb.
     0 | D:1      | Reached XP level 1. HP: 11/11 MP: 3/3
   323 | D:1      | Reached XP level 2. HP: 13/17 MP: 0/5
   504 | D:1      | Found a faded altar of an unknown god.
  1305 | D:1      | Reached XP level 3. HP: 21/21 MP: 4/6
  1309 | D:1      | Learned a level 3 spell: Mephitic Cloud
  2151 | D:2      | Reached XP level 4. HP: 24/27 MP: 3/7
  3419 | D:3      | Found a white marble altar of Elyvilon.
  3459 | D:3      | Found a radiant altar of Vehumet.
  4205 | D:4      | Reached XP level 5. HP: 31/31 MP: 3/8
  4296 | D:4      | Found a hazy altar of Hepliaklqana.
  4395 | D:4      | Found a staircase to the Ecumenical Temple.
  4453 | D:4      | Learned a level 4 spell: Olgreb's Toxic Radiance
  4510 | D:4      | Noticed an ogre
  4564 | D:4      | Killed an ogre
  4565 | D:4      | Reached skill level 5 in Stealth
  4565 | D:4      | Reached skill level 1 in Conjurations
  4565 | D:4      | Reached skill level 1 in Air Magic
  5014 | D:4      | Reached XP level 6. HP: 36/36 MP: 5/10
  5277 | D:4      | Learned a level 2 spell: Blink
  5908 | D:5      | Entered Level 5 of the Dungeon
  6693 | D:6      | Noticed Menkaure
  6706 | D:6      | Killed Menkaure
  6707 | D:6      | Reached XP level 7. HP: 31/41 MP: 5/11
  6711 | D:6      | Reached skill level 5 in Poison Magic
  7429 | D:4      | Learned a level 1 spell: Foxfire
  7573 | D:5      | HP: 2/41 [centaur/arrow (15)]
  7575 | D:5      | Slain by a water moccasin

Illustrated notes

Levels and vault maps discovered:
D:1:      wander_arrival_abandoned_jail, layout_basic,
          ebering_ecumenical_altar_rust, minmay_pentomino_w4
D:2:      layout_basic
D:3:      layout_rooms, mainiacjoe_overflow_boulevard, lemuel_round_altar
D:4:      minmay_door_path, layout_basic,
          mainiacjoe_overflow_concentric_impassable,
          minmay_temple_entry_overgrown
D:5:      layout_rooms, lemuel_zombie_altar_yredelemnul
D:6:      layout_basic, minmay_misc_feat_enclosed, uniq_crazy_yiuf_cottage,
          uniq_menkaure

Skill      XL: |  1  2  3  4  5  6  7 |
---------------+----------------------+-----
Stealth        | 3 4 5 |  5.0
Poison Magic   | 4 5 |  5.1
Conjurations   | 1 2 |  2.4
Transmutations | 2 3 |  3.1
Air Magic      | 1 2 |  2.3
Dodging        | 3 |  3.5
Spellcasting   | 3 |  3.2

Action                   |  1- 3 |  4- 6 |  7- 9 || total
-------------------------+-------+-------+-------++-------
Melee: Unarmed           |     7 |       |       ||     7
       Constrict         |     6 |    20 |     1 ||    27
       Short sword       |     8 |    49 |     6 ||    63
       Dagger            |     5 |       |       ||     5
       Tentacles         |     2 |     4 |       ||     6
 Cast: Sting             |    34 |    94 |     7 ||   135
       Mephitic Cloud    |       |     1 |       ||     1
       Olgreb's Toxic Ra |       |     1 |       ||     1
       Foxfire           |       |       |     8 ||     8
Evoke: Wand              |       |     5 |     1 ||     6
  Use: Potion            |     1 |       |     1 ||     2
 Stab: Sleeping          |     1 |     2 |       ||     3
       Distracted        |     1 |       |       ||     1
Armor: Skin              |     5 |     7 |     3 ||    15
Dodge: Dodged            |    28 |    60 |    29 ||   117
